 Dungeon Crawl Stone Soup version 0.31-a0-1074-g0b22e4e0f1 (webtiles) character file.

Game seed: 6428550806653919817

294 IdlyInterested the Changeling (level 6, -4/48 HPs)
             Began as a Demonspawn Shapeshifter on Dec 1, 2023.
             Succumbed to an orc wizard's poison
             ... on level 4 of the Dungeon.
             The game lasted 00:12:31 (3529 turns).

IdlyInterested the Changeling (DsSh)                Turns: 3529, Time: 00:12:32

Health: -4/48      AC:  8    Str: 16    XL:     6   Next: 11%
Magic:  15/15      EV:  7    Int: 12    God:
Gold:   109        SH:  0    Dex: 12    Spells: 5/5 levels left

rFire   . .          .
                       - Unarmed
rCold   . . .        (no shield)
rNeg    . . .        w - +0 chain mail
rPois   .            v - melded +0 helmet
rElec   .            E - melded +0 cloak
rCorr   .            (gloves currently unavailable)
SInv    .            (boots currently unavailable)
Will    .....        (no amulet) Stlth
                     h - ring of magical power
HPRegen 0.28/turn    (no ring)
MPRegen 0.14/turn

%: clarity
@: lethally poisoned (-4 -> -31), beast-form
A: beast (slay +2), demonic touch 2, clarity, robust 1
a: Begin Untransformation


You were on level 4 of the Dungeon.
You were a hulking beast.
You visited 2 branches of the dungeon, and saw 5 of its levels.

You collected 279 gold pieces.
You spent 170 gold pieces at shops.

Inventory:

Hand Weapons
 j - a +0 dagger
 t - a +1 dagger of speed
 u - a +2 vampiric dagger
 y - a +0 morningstar
 D - a +2 quarterstaff of chaos
Missiles
 n - 4 poisoned darts
 s - 34 stones (quivered)
Armour
 a - a +1 animal skin
 v - a +0 helmet (melded)
 w - a +0 chain mail (worn)
 E - a +0 cloak (melded)
Magical Staves
 x - a staff of air
Jewellery
 h - a ring of magical power (left hand)
Talismans
 c - a beast talisman (active)
 d - a flux talisman
Wands
 q - a wand of digging (5)
Scrolls
 e - a scroll of teleportation
 k - a scroll of enchant armour
 m - 2 scrolls of fog
 o - a scroll of vulnerability
 p - 3 scrolls of blinking
 r - a scroll of immolation {unknown}
Potions
 b - 2 potions of lignification
 f - a potion of brilliance {unknown}
 g - a potion of heal wounds
 i - 2 potions of enlightenment {unknown}
 l - a potion of mutation
 z - a potion of berserk rage
 A - 2 potions of might
 B - a potion of attraction
 C - a potion of resistance {unknown}
 F - a potion of curing


   Skills:
 - Level 2.0 Fighting
 - Level 1.0 Throwing
 - Level 1.0 Armour
 - Level 2.0 Dodging
 - Level 3.0 Unarmed Combat
 + Level 0.0 Evocations
 * Level 5.2 Shapeshifting


You had 5 spell levels left.
You didn't know any spells.
Your spell library contained the following spells:

 Spells                   Type           Power      Damage    Failure   Level
 Freeze                   Ice            0%         1d3       99%         1
 Frozen Ramparts          Ice            0%         1d1       100%        3
 Hailstorm                Conj/Ice       0%         3d3       100%        3


Dungeon Overview and Level Annotations

Branches:
Dungeon (4/15)             Temple (1/1) D:4

Altars:
Ashenzari
Cheibriados
Dithmenos
Fedhas
Gozag
Makhleb
Nemelex Xobeh
Trog
Uskayaw
Vehumet
Yredelemnul

Shops:
D:2 !


Innate Abilities, Weirdness & Mutations

You are a hulking beast.
Your limbs bulge with bestial killing power. (Slay +2)
Your touch may inflict irresistible damage on your foes.
You possess an exceptional clarity of mind.
You are robust. (+10% HP)


Message History

The orc priest barely misses you.
The orc wizard gestures wildly while chanting.
The orc wizard flickers and vanishes!
Deactivating autopickup; reactivate with Ctrl-A.
The orc barely misses you. The kobold hits you with a +0 dagger.
You hit something but do no damage.
You feel very sick. The orc hits you but does no damage.
The kobold hits you but does no damage. Something hits you.
You are more poisoned.
The orc priest calls down the wrath of Beogh upon you.
Beogh smites you!
You miss something.
You feel very sick. The orc hits you but does no damage.
Something hits you but does no damage.
You are lethally poisoned!
The orc priest hits you but does no damage.
The kobold hits you with a +0 dagger.
Unknown command.
You miss something.
You feel very sick.
You barely miss something.
* * * LOW HITPOINT WARNING * * *
You feel very sick.
The orc priest hits you but does no damage.
The kobold hits you but does no damage. The orc hits you but does no damage.
Something hits you.
* * * LOW HITPOINT WARNING * * *
You are more poisoned.
You closely miss something. Your touch misses something.
* * * LOW HITPOINT WARNING * * *
You feel very sick. The orc closely misses you. The kobold barely misses you.
Something hits you but does no damage.
You are more poisoned.
The orc priest hits you with a +0 club.
* * * LOW HITPOINT WARNING * * *
You hit the orc priest.
The orc priest is severely wounded.
You die...

#..# #..# #..#
#####..# ###......#
### ###........## ..##
#.....o{....# ...#
......oh....# ...####
......K###..#
......#############..#
...)#...#### ##..###
...#####...#####..##
.### ###...#..##### ##
###...##...#
###.......#
###.........#


You could see an orc priest, an orc and a kobold.

Vanquished Creatures
  Crazy Yiuf (D:3)
  Terence (D:2)
  Natasha (thrice) (D:2)
  An orc wizard (D:4)
  Robin (D:2)
  3 adders
  3 worms (D:2)
  2 dart slugs
  3 orcs
  7 bats
  2 endoplasms (D:1)
  2 giant cockroaches (D:1)
  18 goblins
  11 hobgoblins
  6 jackals
  6 kobolds
  4 quokkas
  4 ball pythons
  4 frilled lizards
  2 rats
84 creatures vanquished.

Notes
Turn   | Place    | Note
-------+----------+-------------------------------------------
     0 | D:1      | IdlyInterested the Demonspawn Shapeshifter began the quest
                  | for the Orb.
     0 | D:1      | Reached XP level 1. HP: 15/15 MP: 1/1
   335 | D:1      | Reached skill level 3 in Shapeshifting
   336 | D:1      | Gained mutation: Your touch may inflict minor irresistible
                  | damage on your foes. [demonic ancestry]
   336 | D:1      | Reached XP level 2. HP: 16/21 MP: 2/2
  1165 | D:2      | Gained mutation: You are weak. (Str -2) [potion of
                  | mutation]
  1319 | D:2      | Reached XP level 3. HP: 26/26 MP: 3/3
  1519 | D:2      | Noticed Robin
  1528 | D:2      | Reached XP level 4. HP: 17/33 MP: 4/4
  1541 | D:2      | Killed Robin
  1700 | D:2      | You fall into a shaft and drop 2 floors!
  1790 | D:2      | Reached skill level 4 in Shapeshifting
  1911 | D:2      | Found Sesorphy's Distillery.
  1939 | D:2      | Lost mutation: You are weak. (Str -2) [potion of mutation]
  1939 | D:2      | Gained mutation: You sometimes lose your temper in combat.
                  | [potion of mutation]
  1939 | D:2      | Gained mutation: You are covered in fur. (AC +1) [potion of
                  | mutation]
  1939 | D:2      | Gained mutation: Your flesh is cold resistant. (rC+)
                  | [potion of mutation]
  1990 | D:2      | Noticed Natasha
  1993 | D:2      | Killed Natasha
  2035 | D:2      | Noticed Terence
  2045 | D:2      | Killed Terence
  2046 | D:2      | Reached XP level 5. HP: 33/38 MP: 5/5
  2285 | D:2      | Noticed Natasha
  2295 | D:2      | Killed Natasha
  2298 | D:2      | Noticed Natasha
  2305 | D:2      | Killed Natasha
  2306 | D:2      | Reached skill level 1 in Armour
  2421 | D:2      | Bought a potion of heal wounds for 50 gold pieces
  2421 | D:2      | Bought a potion of berserk rage for 50 gold pieces
  2421 | D:2      | Bought a potion of might for 40 gold pieces
  2421 | D:2      | Bought a potion of attraction for 30 gold pieces
  2447 | D:3      | Found a faded altar of an unknown god.
  2486 | D:3      | Found a sparkling altar of Nemelex Xobeh.
  2548 | D:2      | Lost mutation: You are covered in fur. (AC +1) [potion of
                  | mutation]
  2548 | D:2      | Lost mutation: Your flesh is cold resistant. (rC+) [potion
                  | of mutation]
  2548 | D:2      | Lost mutation: You sometimes lose your temper in combat.
                  | [potion of mutation]
  2548 | D:2      | Gained mutation: You possess an exceptional clarity of
                  | mind. [potion of mutation]
  2548 | D:2      | Gained mutation: You are robust. (+10% HP) [potion of
                  | mutation]
  2946 | D:3      | Found a runed translucent door.
  2947 | D:3      | Noticed Crazy Yiuf
  3121 | D:3      | Killed Crazy Yiuf
  3122 | D:3      | Reached skill level 5 in Shapeshifting
  3290 | D:4      | Gained mutation: Your touch may inflict irresistible damage
                  | on your foes. [demonic ancestry]
  3290 | D:4      | Reached XP level 6. HP: 48/48 MP: 6/6
  3344 | D:4      | Found an opulent altar of Gozag.
  3433 | D:4      | Found a staircase to the Ecumenical Temple.
  3442 | Temple   | Entered the Ecumenical Temple
  3518 | D:4      | Reached skill level 1 in Throwing
  3528 | D:4      | HP: 1/48 [orc priest/+0 club (3)]
  3529 | D:4      | Succumbed to an orc wizard's poison

Illustrated notes

Levels and vault maps discovered:
D:1:      denvon_arrival_planthouse, layout_loops_ring,
          chequers_serial_rivers_marsh, chequers_big_river
D:2:      cheibrodos_greedy_goblins, layout_basic, serial_shops,
          nicolae_shop_industrial_runoff, grunt_ministairs_14,
          small_statue_intersection, glass_columns_b,
          nicolae_elevator_lobby_asterisk, uniq_terence, uniq_robin,
          uniq_natasha
D:3:      layout_basic, nemelex_xobeh_ov_fountains_minmay,
          hellmonk_ecumenical_altar_lost_god, solitary_fountain,
          uniq_crazy_yiuf_cottage
D:4:      layout_cave_pods, nicolae_gozag_seed_capital,
          lemuel_temple_firewalk_b, uniq_menkaure
Temple:   nicolae_temple_slightly_damp_pantheon

Skill      XL: |  1  2  3  4  5  6 |
---------------+-------------------+-----
Shapeshifting  | 3 4 5 |  5.2
Unarmed Combat | 3 |  3.0
Fighting       | 2 |  2.0
Dodging        | 2 |  2.0
Armour         | 1 |  1.0
Throwing       | 1 |  1.0

Action                     |  1- 3 |  4- 6 || total
---------------------------+-------+-------++-------
  Melee: Unarmed           |   103 |   122 ||   225
         Touch             |    13 |    17 ||    30
         Punch             |     1 |     2 ||     3
  Throw: Dart              |       |     4 ||     4
         Stone             |       |     2 ||     2
    Use: Potion            |     2 |     4 ||     6
         Scroll            |     1 |     4 ||     5
   Stab: Sleeping          |     1 |       ||     1
 Armour: Robe              |    13 |       ||    13
         Animal skin       |     1 |       ||     1
         Ring mail         |    34 |    12 ||    46
         Leather armour    |     4 |       ||     4
         Chain mail        |       |    96 ||    96
  Dodge: Dodged            |    66 |    54 ||   120
   Form: Beast             |       |     3 ||     3
                           |       |     1 ||     1
         Flux              |       |     1 ||     1

Table legend: (Time is in decaauts)
 A = Elapsed time spent in this place.
 B = Non-inter-level travel time spent in this place.
 C = Inter-level travel time spent in this place.
 D = Time resting spent in this place.
 E = Time spent auto-exploring this place.
 F = Levels seen in this place.
 G = Mean time per level.
                   A        B        C        D        E       F      G
               +--------+--------+--------+--------+--------+-----+--------+
         Total |   3574 |   3327 |    247 |    404 |   1825 |   5 |  714.8 |
       Dungeon |   3572 |   3325 |    247 |    404 |   1825 |   4 |  893.0 |
        Temple |      1 |      1 |      0 |      0 |      0 |   1 |    1.0 |
               +--------+--------+--------+--------+--------+-----+--------+

Top non-repeatable levels by time:
     D:2: 1235 daAuts
     D:1: 1197 daAuts
     D:3: 892 daAuts
     D:4: 247 daAuts
  Temple: 1 daAuts
